 Dungeon Crawl Stone Soup version 0.23.2-40-g277498a001 (webtiles) character file.

Game seed: 4770832643437382572

2471 Hylith the Chopper (level 9, -4/78 (79) HPs)
             Began as a Ghoul Fighter on Sept 24, 2019.
             Was a Believer of Makhleb.
             Slain by a two-headed ogre
             ... wielding a +0 giant club
              (15 damage)
             ... on level 7 of the Dungeon.
             The game lasted 00:15:41 (6795 turns).

Hylith the Chopper (Ghoul Fighter)                  Turns: 6795, Time: 00:15:42

HP:   -4/78 (79)    AC: 12    Str: 23    XL:     9   Next: 51%
MP:   0/8           EV:  5    Int:  3    God:    Makhleb [**....]
Gold: 298           SH: 10    Dex:  8    Spells: 6/8 levels left

rFire    + . .     SeeInvis .   H - +0 hand axe (elec)
rCold    + . .     Gourm    .   c - +0 shield
rNeg     + + +     Faith    .   G - +0 plate armour
rPois    ∞         Spirit   +   (no helmet)
rElec    .         Reflect  .   p - scarf {Spirit}
rCorr    .         Harm     .   (no gloves)
MR       .....                  q - +0 pair of boots
Stlth    ..........             (no amulet)
HPRegen  0.00/turn              J - ring of protection from fire
MPRegen  0.11/turn              (no ring)

@: rotting
A: rotting body, claws 1, carnivore, cold resistance 1, negative energy
resistance 3, inhibited regeneration, torment resistance, unbreathing
a: Minor Destruction, Renounce Religion


You were on level 7 of the Dungeon.
You worshipped Makhleb.
Makhleb was pleased with you.
You were not hungry.

You visited 2 branches of the dungeon, and saw 9 of its levels.
You also visited: Sewer.

You collected 298 gold pieces.

Inventory:

Hand Weapons
 a - a +0 war axe
 H - a +0 hand axe of electrocution (weapon)
 I - a +1 flail of venom
Armour
 c - a +0 shield (worn)
 p - a scarf of spirit shield (worn)
 q - a +0 pair of boots (worn)
 w - a +0 buckler
 G - a +0 plate armour (worn)
Jewellery
 J - a ring of protection from fire (left claw)
Wands
 y - a wand of clouds (4)
Scrolls
 g - a scroll of remove curse {unknown}
 i - 2 scrolls of random uselessness {unknown}
 m - 4 scrolls of teleportation {unknown}
 n - 4 scrolls of enchant weapon {unknown}
 o - 4 scrolls of magic mapping {unknown}
 u - a scroll of enchant armour {unknown}
 v - a scroll of vulnerability {unknown}
 z - a scroll of amnesia {unknown}
 A - 3 scrolls of identify {unknown}
 C - 2 scrolls of fear {unknown}
 D - a scroll of acquirement {unknown}
 E - 2 scrolls of noise {unknown}
 F - a scroll of fog {unknown}
 K - a scroll of silence {unknown}
 L - a scroll of immolation {unknown}
Potions
 b - 2 potions of agility {unknown}
 d - 2 potions of might
 e - 3 potions of brilliance {unknown}
 h - 2 potions of heal wounds {unknown}
 j - 5 potions of lignification {unknown}
 k - a potion of mutation {unknown}
 l - 5 potions of curing {unknown}
 r - a potion of resistance {unknown}
 s - 2 potions of degeneration {unknown}
 t - 6 potions of flight {unknown}
 x - a potion of cancellation {unknown}
 B - 3 potions of haste {unknown}
Comestibles
 f - 13 rations


   Skills:
 + Level 7.1 Fighting
 * Level 7.5 Axes
 + Level 3.8 Armour
 + Level 7.1 Shields


You had 6 spell levels left.
You knew the following spells:

 Your Spells              Type           Power        Failure   Level  Hunger
b - Blink                 Tloc           N/A          100%        2    ###....

Your spell library contained the following spells:

 Spells                   Type           Power        Failure   Level  Hunger
 Magic Dart               Conj           #...         100%        1    ##.....
 Call Imp                 Summ           #.......     100%        2    ###....
 Slow                     Hex            #.......     100%        2    ###....
 Conjure Flame            Conj/Fire      #.......     100%        3    ####...
 Mephitic Cloud           Conj/Pois/Air  #.......     100%        3    ####...


Dungeon Overview and Level Annotations

Branches:
Dungeon (8/15)             Temple (1/1) D:5
   Lair: D:8-11

Altars:
Ashenzari
Cheibriados
Dithmenos
Elyvilon
Gozag
Hepliaklqana
Makhleb
Okawaru
Qazlal
Ru
Uskayaw
Vehumet
Wu Jian
Xom
Yredelemnul
Zin
The Shining One


Innate Abilities, Weirdness & Mutations

Your body is rotting away.
You thrive on raw meat.
You are immune to poison.
You have sharp fingernails.
You are carnivorous and can eat meat at any time.
Your flesh is cold resistant. (rC+)
You are immune to negative energy. (rN+++)
You do not regenerate when monsters are visible.
You are immune to unholy pain and torment.
You can survive without breathing.


Message History

The two-headed ogre is moderately wounded.
The two-headed ogre hits you with a +0 giant club!!
* * * LOW HITPOINT WARNING * * *
The two-headed ogre hits you with a +0 giant spiked club!
* * * LOW HITPOINT WARNING * * *
Aiming: Cloud Cone
Press: ? - help, Dir - move target cursor, f - two-headed ogre
Aim: a two-headed ogre, wielding a +0 giant club and a +0 giant spiked club (moderately wounded)
You create a blast of poison gas!
You barely miss the two-headed ogre.
The two-headed ogre is moderately wounded.
The two-headed ogre is engulfed in poison gas.
The two-headed ogre is poisoned.
The two-headed ogre barely misses you. You block the two-headed ogre's attack.
The two-headed ogre is engulfed in poison gas.
The two-headed ogre looks even sicker.
The two-headed ogre is engulfed in poison gas.
The two-headed ogre looks even sicker.
The two-headed ogre barely misses you.
The two-headed ogre hits you with a +0 giant spiked club!
You die...

.......# #..# .......#
#### ##..#
.......#####..### #...#
.........##...§§####...##
.....###.(....§§§§......#
...### ###....§§§§#######
..## #......§§§§# ###
#..(.....O># #
#..##...@.## ##
#.<######## .###### #..#
......###..# ........#..#
...........####
.....#........#####
.....####.........##
....## ##.........#


You could see a two-headed ogre.

Vanquished Creatures
  Grinder (D:6)
  Purgy (Sewer)
  A sky beast (D:4)
  2 orc warriors
  A phantom (D:5)
  4 ogres
  2 centaurs
  A big kobold (D:7)
  4 bullfrogs
  2 scorpions
  2 crimson imps
  A quasit (D:7)
  3 orc priests
  A hound (D:5)
  4 orc wizards
  6 iguanas
  2 worker ants (D:5)
  A killer bee zombie (D:6)
  A hound zombie (D:6)
  A howler monkey zombie (D:7)
  17 adders
  A howler monkey skeleton (D:7)
  2 shadow imps (D:6)
  An ooze (D:1)
  An adder skeleton (D:6)
  A worm (D:4)
  A dart slug (D:1)
  5 leopard geckos
  19 orcs
  5 ball pythons
  9 giant cockroaches
  4 goblins
  10 hobgoblins
  11 jackals
  8 bats
  11 frilled lizards
  2 jackal skeletons
  11 kobolds
  A leopard gecko skeleton (D:7)
  10 rats
171 creatures vanquished.

Notes
Turn   | Place    | Note
-------+----------+-------------------------------------------
     0 | D:1      | Hylith the Ghoul Fighter began the quest for the Orb.
     0 | D:1      | Reached XP level 1. HP: 19/19 MP: 0/0
   115 | D:1      | Reached XP level 2. HP: 21/26 MP: 1/1
   550 | D:1      | Reached XP level 3. HP: 29/31 MP: 2/2
  1057 | D:2      | Found a sacrificial altar of Ru.
  1154 | D:2      | Reached XP level 4. HP: 40/40 MP: 3/3
  1629 | D:2      | Found a glowing golden altar of the Shining One.
  1882 | D:3      | Learned a level 2 spell: Blink
  1995 | D:3      | Reached XP level 5. HP: 46/46 MP: 4/4
  2309 | D:3      | Found a basalt altar of Yredelemnul.
  2470 | D:4      | Noticed a sky beast
  2507 | D:4      | Killed a sky beast
  2507 | D:4      | Reached XP level 6. HP: 47/53 MP: 5/5
  3026 | D:4      | Found a shattered altar of Ashenzari.
  3035 | D:4      | Found a burning altar of Makhleb.
  3060 | D:5      | Entered Level 5 of the Dungeon
  3191 | D:5      | Reached XP level 7. HP: 27/60 MP: 3/6
  3237 | D:5      | Found a glowing drain.
  3274 | Sewer    | Entered a sewer
  3486 | Sewer    | Noticed Purgy
  3498 | Sewer    | Killed Purgy
  3498 | Sewer    | Reached skill level 5 in Fighting
  3498 | Sewer    | Reached skill level 5 in Shields
  3646 | D:5      | Found a staircase to the Ecumenical Temple.
  3715 | Temple   | Entered the Ecumenical Temple
  3963 | D:4      | Became a worshipper of Makhleb the Destroyer
  4059 | D:5      | Reached skill level 5 in Axes
  4204 | D:5      | Reached XP level 8. HP: 69/69 MP: 7/7
  4577 | D:6      | Noticed Grinder
  4594 | D:6      | Paralysed by Grinder for 2 turns
  4612 | D:6      | Killed Grinder
  4746 | D:6      | Reached * piety under Makhleb
  5180 | D:6      | Reached XP level 9. HP: 52/78 MP: 5/8
  5231 | D:6      | Found a hide-covered altar of Uskayaw.
  6276 | D:7      | Reached ** piety under Makhleb
  6786 | D:8      | Noticed a two-headed ogre
  6795 | D:7      | Slain by a two-headed ogre

Skill      XL: |  1  2  3  4  5  6  7  8  9 |
---------------+----------------------------+-----
Axes           | 2 3 4 5 6 7 |  7.5
Shields        | 3 4 5 7 |  7.1
Armour         | 3 |  3.8
Fighting       | 4 5 6 7 |  7.1

Action                   |  1- 3 |  4- 6 |  7- 9 || total
-------------------------+-------+-------+-------++-------
Melee: War axe           |   145 |   235 |   307 ||   687
       Hand axe          |       |       |   110 ||   110
Evoke: Wand              |       |       |     3 ||     3
  Use: Potion            |       |     1 |     1 ||     2
  Eat: Chunk             |     6 |     7 |    12 ||    25
Armor: Scale mail        |    82 |    34 |       ||   116
       Chain mail        |       |    83 |   194 ||   277
       Plate armour      |       |       |    45 ||    45
Dodge: Dodged            |    66 |    64 |   136 ||   266
Block: Shield            |    88 |    75 |    57 ||   220
       Buckler           |       |    23 |    74 ||    97
